Map: Dusk Towers

Players

NoPainNoGain

  • Race: Terran Terran
  • League: Master

Miszu - Winner!

  • Race: Protoss Protoss
  • League: Master

VOD

Have the link to the VOD?

Description

Time

  • Played on: April 3, 2016, 3:33 p.m.
  • Length: 15:36
Show
View Real Time Build Order
Export as new Build Order

NoPainNoGain Terran 

Build Orders: MMM Bio 

Get SALT Encoding   

  12  0:01  SCV  
  13  0:14  SCV  
  14  0:18  Supply Depot  
  14  0:26  SCV  
  15  0:39  SCV  
  16  0:43  Barracks  
  16  0:52  SCV  
  17  1:04  SCV  
  18  1:16  Command Center  
  18  1:19  SCV  
  19  1:30  Marine  
  19  1:32  Orbital Command  
  20  1:58  Command Center  
  20  2:01  SCV  
  21  2:09  Supply Depot  
  21  2:13  Marine, SCV  
  23  2:27  SCV  
  24  2:32  Barracks  
  24  2:35  Barracks, SCV  
  25  2:40  SCV  
  25  2:41  Marine  
  26  2:47  SCV  
  26  2:50  Bunker  
  27  2:53  Refinery, SCV  
  28  3:01  Refinery  
  28  3:04  Orbital Command  
  28  3:11  Orbital Command  
  28  3:14  SCV  
  29  3:23  Marine  
  29  3:26  SCV  
  31  3:28  Barracks Tech Lab  
  31  3:31  Marine  
  33  3:34  SCV  
  33  3:37  SCV  
  33  3:38  SCV  
  35  3:44  Barracks  
  35  3:46  Barracks, SCV  
  36  3:48  Stimpack  
  36  3:50  Marine  
  36  3:52  SCV  
  38  3:58  SCV x2  
  40  4:03  Marine  
  40  4:07  SCV  
  40  4:08  Factory  
  42  4:10  SCV  
  42  4:12  Refinery, SCV  
  42  4:15  Marine x2  
  46  4:19  SCV, Orbital Command  
  46  4:21  Marine  
  46  4:22  SCV  
  49  4:31  Bunker, SCV  
  49  4:33  Marine  
  49  4:34  SCV  
  49  4:37  Barracks Reactor x2  
  52  4:40  Refinery  
  52  4:41  Marine x2  
  52  4:43  SCV  
  52  4:45  SCV  
  56  4:46  SCV  
  58  4:54  Supply Depot  
  58  4:55  Supply Depot, Starport  
  58  4:56  SCV, Factory Reactor  
  58  4:57  SCV  
  58  4:58  Barracks Tech Lab  
  58  4:59  Barracks Tech Lab, SCV  
  60  5:06  Marine  
  61  5:16  Marine x4, SCV x3  
  61  5:17  Engineering Bay  
  61  5:18  Engineering Bay, Combat Shields  
  61  5:19  Marauder  
  61  5:20  Concussive Shells  
  70  5:25  Marauder  
  70  5:28  SCV x3  
  75  5:31  Marauder  
  77  5:37  Supply Depot  
  77  5:47  Supply Depot  
  77  5:56  Refinery x2  
  77  5:57  Terran Infantry Weapons Level 1, Terran Infantry Armor Level 1  
  77  5:58  Marine x2, Medivac, SCV x3  
  77  6:01  Supply Depot  
  77  6:02  Supply Depot  
  84  6:08  Medivac  
  84  6:10  SCV x3, Factory Reactor  
  89  6:12  Barracks  
  89  6:16  Barracks  
  89  6:18  Barracks  
  89  6:21  Marauder x2  
  89  6:22  SCV  
  89  6:24  SCV  
  95  6:26  SCV  
  95  6:31  Marine x2, Marauder  
  100  6:34  Supply Depot  
  100  6:35  SCV  
  100  6:39  Medivac  
  103  6:40  Medivac  
  103  6:42  Marauder  
  103  6:44  Marauder  
  109  6:49  Supply Depot  
  109  6:53  Supply Depot, Marauder  
  111  7:04  Command Center, Marauder  
  111  7:06  Marauder  
  114  7:10  SCV  
  114  7:14  Marauder  
  117  7:18  SCV  
  117  7:22  SCV  
  119  7:24  SCV  
  119  7:27  Marine, Marauder x2  
  125  7:30  Supply Depot  
  125  7:31  Supply Depot, Marine, SCV  
  125  7:32  Supply Depot, Armory  
  125  7:35  Marine  
  125  7:36  Marauder  
  130  7:40  Medivac x2  
  123  7:48  Marine, Marauder  
  123  7:49  Marauder  
  124  7:51  SCV  
  124  7:57  Marauder  
  124  7:58  Marine  
  117  8:08  Marine  
  117  8:09  Marine x4  
  117  8:10  Marauder x2  
  121  8:16  Marine  
  121  8:18  Medivac x2  
  121  8:19  Marauder  
  119  8:26  Marine  
  119  8:31  Marauder  
  119  8:33  Marine  
  119  8:34  Marine, Marauder  
  124  8:40  Marauder  
  127  8:43  Planetary Fortress  
  127  8:47  Marine  
  126  8:52  Marauder  
  126  8:55  Marine, Marauder  
  131  8:56  SCV  
  131  8:58  Marine  
  131  9:01  Marauder  
  135  9:03  Medivac x2  
  135  9:04  Marine  
  135  9:05  Marine  
  135  9:09  SCV x2  
  143  9:14  Marauder  
  143  9:17  Marauder  
  147  9:21  Marine x6  
  147  9:22  Marine  
  147  9:23  Marine, Marauder  
  157  9:30  SCV x2  
  159  9:31  Missile Turret x2  
  159  9:35  Marauder  
  159  9:39  Marine  
  159  9:40  Marine x2, Marauder  
  159  9:43  Medivac  
  159  9:44  Marauder  
  154  9:47  Medivac  
  143  9:55  Liberator  
  143  9:57  Marauder  
  85  10:00  Liberator  
  125  10:01  Marauder  
  125  10:06  Marauder  
  101  10:10  Marine x3  
  101  10:13  Marine x3  
  95  10:18  Marine, Marauder  
  93  10:23  Marauder  
  93  10:27  Marauder  
  93  10:28  Marine x2  
  94  10:29  Marine  
  94  10:30  Marine  
  94  10:34  Marine  
  93  10:35  Marine  
  93  10:38  Liberator  
  93  10:39  Marauder  
  93  10:42  Liberator  
  93  10:44  Marauder  
  93  10:47  Orbital Command  
  93  10:48  Marauder  
  93  10:49  SCV  
  101  11:01  Marauder, SCV  
  107  11:05  Marauder  
  107  11:10  Marauder  
  111  11:14  Marine  
  111  11:16  SCV  
  113  11:21  SCV  
  113  11:22  Marauder  
  113  11:24  Supply Depot  
  116  11:26  SCV  
  116  11:27  Marauder  
  116  11:28  Liberator x2  
  116  11:29  SCV  
  116  11:31  Marauder  
  122  11:33  SCV  
  123  11:43  Marauder  
  131  11:48  Marauder  
  133  12:01  Supply Depot  
  133  12:02  Supply Depot  
  133  12:11  Liberator x2  
  133  12:18  Supply Depot  
  133  12:20  Supply Depot  
  133  12:22  Marine x5  
  133  12:23  Marauder x2, SCV  
  133  12:26  Marauder  
  137  12:33  Supply Depot x2  
  137  12:35  Marine  
  138  12:37  Marine  
  138  12:40  Marine  
  139  12:52  Marine x3, Marauder x3  
  147  12:59  Marine  
  148  13:06  Marine  
  148  13:09  Marine  
  144  13:13  Marauder  
  144  13:14  Marauder  
  140  13:22  Marine, Marauder  
  127  13:27  Medivac x2  
  127  13:28  Marine  
  127  13:30  Marine  
  125  13:35  Marine  
  121  13:42  Marine x2, Marauder  
  121  13:44  Marine  
  126  13:48  Marine  
  126  13:49  Marine  
  126  13:51  Marine  
  129  14:02  Medivac x2  
  119  14:04  Marine  
  119  14:05  Marauder  
  119  14:06  Marine  
  119  14:09  Marine  
  126  14:10  Marine  
  126  14:15  Marine x3  
  130  14:17  Marine  
  130  14:19  Marine  
  132  14:25  Marine  
  132  14:26  Marauder  
  132  14:28  Marine  
  136  14:33  Marine x2  
  138  14:51  Marine x2  
  138  14:52  Marauder x3  
  146  14:53  Marine  
  135  15:00  Marine  
  135  15:05  Marine x3  
  123  15:09  Marine  
  123  15:13  Marauder x2  
  127  15:14  Marine  
  127  15:15  Marauder  
  127  15:17  Marine  
Show
View Real Time Build Order
Export as new Build Order

Miszu Protoss - Winner!

Build Orders: 1 Gate Expand, Double Forge 

Get SALT Encoding   

  12  0:01  Probe (Chrono Boost)  
  13  0:14  Pylon  
  13  0:18  Probe (Chrono Boost)  
  14  0:29  Probe (Chrono Boost)  
  15  0:36  Gateway  
  15  0:39  Probe (Chrono Boost)  
  16  0:50  Probe (Chrono Boost)  
  17  1:09  Nexus  
  17  1:13  Probe (Chrono Boost)  
  17  1:18  Assimilator  
  18  1:23  Probe (Chrono Boost)  
  19  1:29  Cybernetics Core  
  19  1:34  Probe (Chrono Boost)  
  19  1:37  Assimilator  
  20  1:45  Pylon  
  20  1:49  Probe (Chrono Boost)  
  21  1:59  Probe (Chrono Boost)  
  22  2:06  Stalker (Chrono Boost)  
  24  2:10  Probe  
  24  2:11  Warp Gate  
  25  2:19  Probe  
  25  2:22  Probe  
  27  2:30  Probe  
  27  2:33  Stalker (Chrono Boost)  
  27  2:34  Probe  
  31  2:40  Probe  
  32  2:47  Mothership Core  
  32  2:51  Probe  
  34  2:54  Pylon  
  35  3:01  Probe  
  36  3:09  Probe  
  36  3:12  Probe  
  37  3:16  Nexus  
  38  3:21  Probe  
  38  3:22  Probe  
  40  3:33  Probe x2  
  41  3:34  Robotics Facility  
  41  3:39  Pylon  
  42  3:43  Probe  
  42  3:45  Probe  
  46  3:48  Sentry (Chrono Boost)  
  46  3:54  Probe  
  46  3:57  Probe  
  48  4:04  Probe  
  48  4:05  Gateway x2  
  48  4:08  Forge  
  48  4:09  Probe  
  50  4:10  Forge  
  50  4:15  Probe  
  50  4:17  Assimilator x2  
  51  4:21  Observer (Chrono Boost)  
  51  4:23  Probe  
  53  4:26  Probe  
  53  4:29  Probe  
  55  4:35  Probe  
  55  4:36  Probe  
  55  4:38  Pylon  
  57  4:40  Probe  
  57  4:41  Pylon  
  57  4:44  Protoss Ground Weapons Level 1 (Chrono Boost), Protoss Ground Armor Level 1 (Chrono Boost)  
  58  4:47  Probe x2  
  58  4:49  Warp Prism (Chrono Boost)  
  62  4:52  Adept  
  62  4:54  Probe  
  62  4:58  Probe  
  66  5:00  Probe  
  66  5:04  Adept, Probe  
  66  5:06  Adept  
  72  5:10  Probe  
  72  5:12  Probe  
  74  5:16  Probe  
  74  5:17  Observer  
  76  5:22  Probe  
  76  5:24  Twilight Council, Probe  
  76  5:28  Gateway x2, Probe  
  78  5:30  Gateway  
  78  5:34  Probe  
  80  5:36  Probe  
  80  5:40  Probe  
  82  5:45  Immortal  
  82  5:46  Assimilator x2  
  82  5:55  Probe x2  
  82  5:56  Probe  
  89  6:00  Pylon  
  89  6:02  Resonating Glaives  
  89  6:06  Gateway x2  
  89  6:08  Gateway  
  89  6:11  Pylon  
  89  6:20  Adept x3  
  89  6:21  Immortal  
  99  6:34  Adept  
  99  6:35  Adept x2  
  105  6:40  Pylon x2  
  105  6:44  Pylon  
  105  6:46  Pylon  
  105  6:47  Protoss Ground Armor Level 2 (Chrono Boost), Protoss Ground Weapons Level 2 (Chrono Boost)  
  105  6:55  Immortal  
  105  6:58  Adept x4  
  117  7:19  Stalker x2  
  117  7:20  Stalker x4  
  129  7:31  Immortal  
  129  7:32  Pylon  
  129  7:35  Templar Archives  
  133  7:42  Charge  
  133  7:54  Stalker x3, Zealot  
  133  7:55  Stalker x3  
  147  7:58  Stalker  
  140  8:19  Psionic Storm  
  139  8:21  Pylon  
  139  8:22  High Templar x4  
  139  8:23  Zealot  
  149  8:29  Pylon  
  149  8:30  Pylon  
  149  8:31  Pylon  
  149  8:39  Probe x3  
  152  8:43  Nexus  
  152  8:45  Pylon  
  152  8:47  Pylon  
  152  8:51  Probe x2  
  152  8:54  Adept x3  
  160  8:56  Adept x3  
  166  9:05  Adept  
  166  9:06  Adept x2  
  172  9:10  Probe  
  172  9:11  Pylon, Probe x2  
  172  9:12  Observer  
  176  9:23  Blink, Probe x2  
  178  9:24  Protoss Ground Armor Level 3 (Chrono Boost)  
  178  9:26  Protoss Ground Weapons Level 3 (Chrono Boost)  
  178  9:30  Observer  
  179  9:40  Zealot  
  179  9:41  Zealot x5  
  179  9:42  Zealot  
  173  9:55  Archon  
  173  9:59  Zealot x2  
  175  10:06  Immortal  
  157  10:12  High Templar x3  
  157  10:13  High Templar x2  
  121  10:38  Stalker  
  121  10:39  Adept x3  
  121  10:40  Immortal  
  123  10:44  Robotics Facility  
  127  11:00  Stalker x2  
  127  11:01  Stalker x3  
  127  11:02  Adept x2, Zealot x2  
  145  11:07  Pylon  
  145  11:16  Immortal (Chrono Boost)  
  141  11:26  Adept x2  
  141  11:27  Adept x6  
  141  11:28  Adept  
  159  11:34  Immortal (Chrono Boost)  
  163  11:43  Protoss Shields Level 1  
  163  11:47  Assimilator  
  163  11:48  Pylon, Assimilator  
  163  11:52  High Templar  
  163  11:53  High Templar  
  171  11:54  Immortal (Chrono Boost)  
  171  12:09  Warp Prism (Chrono Boost)  
  171  12:11  Nexus, Stalker x3  
  171  12:12  Stalker x3  
  171  12:13  Pylon  
  175  12:38  Probe  
  175  12:40  Stargate, Probe x3  
  175  12:43  Stargate  
  179  12:45  Stargate  
  179  12:48  Probe  
  180  12:52  High Templar x2  
  180  12:53  High Templar  
  180  12:55  High Templar  
  170  13:19  Zealot  
  170  13:20  Zealot x4  
  170  13:22  Archon  
  170  13:25  Zealot x2  
  170  13:26  Zealot  
  142  13:41  Void Ray x2  
  142  13:42  Void Ray  
  142  13:43  High Templar x2  
  142  13:47  Zealot  
  142  13:48  Zealot x6  
  172  14:12  Probe  
  172  14:13  Probe  
  172  14:14  Fleet Beacon, Probe  
  172  14:15  High Templar  
  172  14:16  High Templar  
  179  14:17  High Templar  
  179  14:23  Probe  
  186  14:31  Assimilator  
  186  14:33  Immortal x2 (Chrono Boost)  
  186  14:34  Probe  
  186  14:36  Oracle  
  194  14:42  Assimilator  
  164  15:08  Archon  
  164  15:10  Zealot x6  
  164  15:11  Zealot x3  
Tags
 
Add a new tag
Caveats
  • Supply blocks, unpowered buildings, or Contaminate may cause inaccurate times.
  • Supply counts are checked every 10 seconds.